 Dungeon Crawl Stone Soup version 0.28.0-53-g5a82cb258f (webtiles) character file.

Game seed: 3267757162099309354

1090 Legadrian the Basher (level 8, -1/46 HPs)
             Began as a Gargoyle Fighter on July 8, 2022.
             Slain by a hornet zombie (7 damage)
             ... on level 7 of the Dungeon on July 9, 2022.
             The game lasted 00:15:42 (6003 turns).

Legadrian the Basher (Gargoyle Fighter)             Turns: 6003, Time: 00:15:43

Health: -1/46      AC: 20    Str: 22    XL:     8   Next: 31%
Magic:  17/17      EV:  7    Int:  9    God:
Gold:   291        SH:  4    Dex:  9    Spells: 7/7 levels left

rFire   . . .      SeeInvis .   a - +0 flail
rCold   . . .      Faith    .   c - +0 buckler
rNeg    + . .      Spirit   .   g - +0 chain mail
rPois   ∞          Reflect  .   (no helmet)
rElec   +          Harm     .   p - +2 cloak
rCorr   .          Rampage  .   u - +0 pair of gloves
Will    .....                   D - +0 pair of boots
Stlth   ..........              (no amulet)
HPRegen 0.15/turn               H - ring of magical power
MPRegen 0.15/turn               (no ring)

@: no status effects
A: sickness immunity, AC +5, negative energy resistance 1, electricity
resistance, torment resistance 1, petrification resistance
a: no special abilities


You were on level 7 of the Dungeon.
You visited 1 branch of the dungeon, and saw 6 of its levels.
You also visited: Sewer.

You collected 291 gold pieces.

Inventory:

Hand Weapons
 a - a +0 flail (weapon)
 d - a +3 quarterstaff of chaos
 v - a +0 hunting sling
 y - a +0 dire flail
 E - a +0 dagger of flaming
 F - a +2 short sword of freezing
 J - a +2 dagger of draining
Missiles
 e - 22 poisoned darts (quivered)
 f - 154 stones
 h - 2 boomerangs
 k - 71 arrows
 s - 30 bolts
Armour
 b - a +0 scale mail
 c - a +0 buckler (worn)
 g - a +0 chain mail (worn)
 m - a +0 ring mail
 p - a +2 cloak (worn)
 u - a +0 pair of gloves (worn)
 z - a +0 robe of positive energy
 D - a +0 pair of boots (worn)
Magical Staves
 i - a staff of cold
Jewellery
 H - a ring of magical power (left hand)
Wands
 C - a wand of acid (7)
 M - a wand of flame (14)
Scrolls
 j - 4 scrolls of teleportation
 l - 2 scrolls of immolation
 x - a scroll of vulnerability
 A - a scroll of fear
 I - a scroll of summoning
Potions
 n - 2 potions of mutation
 o - 3 potions of attraction {unknown}
 q - 3 potions of cancellation {unknown}
 r - a potion of curing {unknown}
 t - a potion of flight {unknown}
 w - a potion of heal wounds {unknown}
 B - 2 potions of brilliance {unknown}
 G - a potion of lignification {unknown}
 K - a potion of resistance {unknown}
 L - 2 potions of haste {unknown}
 N - 2 potions of berserk rage {unknown}


   Skills:
 - Level 3.2 Fighting
 + Level 9.8 Maces & Flails
 - Level 3.2 Armour
 - Level 3.2 Shields


You had 7 spell levels left.
You didn't know any spells.
Your spell library contained the following spells:

 Spells                   Type           Power      Damage    Failure   Level
 Ensorcelled Hibernation  Hex/Ice        0%         N/A       100%        2
 Passwall                 Tmut/Erth      0%         N/A       100%        2
 Ignite Poison            Fire/Tmut/Pois 0%         N/A       100%        3
 Mephitic Cloud           Conj/Pois/Air  0%         N/A       100%        3
 Swiftness                Air            0%         N/A       100%        3
 Freezing Cloud           Conj/Ice/Air   0%         6-21      100%        5


Dungeon Overview and Level Annotations

Branches:
Dungeon (5/15)              Sewer (visited)
 Temple: D:4-7

Altars:
Ashenzari
Makhleb
Qazlal
Ru

Shops:
D:1 *


Innate Abilities, Weirdness & Mutations

You are immune to sickness and miasma.
Your stone body is resilient. (AC +5)
You are immune to poison.
You resist negative energy. (rN+)
You are resistant to electric shocks. (rElec)
You are resistant to unholy torment.
You are immune to petrification.


Message History

You hit the mummy.
The mummy is lightly damaged.
You barely miss the mummy.
The mummy is lightly damaged.
The mummy hits you.
You closely miss the mummy.
The mummy is lightly damaged.
You completely miss the mummy.
The mummy is lightly damaged.
The hornet zombie hits you but does no damage.
The mummy hits you!
* * * LOW HITPOINT WARNING * * *
The hornet zombie hits you.
* * * LOW HITPOINT WARNING * * *
You barely miss the hornet zombie.
The hornet zombie hits you but does no damage.
You closely miss the hornet zombie. The hornet zombie barely misses you.
You closely miss the hornet zombie. You block the hornet zombie's attack.
The hornet zombie hits you.
* * * LOW HITPOINT WARNING * * *
You thump the hornet zombie!
The hornet zombie is lightly damaged.
You hit the mummy.
The mummy is moderately damaged.
You sock the mummy!
The mummy is almost destroyed.
You hit the mummy.
You destroy the mummy!
You hit the hornet zombie but do no damage.
The hornet zombie is lightly damaged.
The hornet zombie hits you.
* * * LOW HITPOINT WARNING * * *
The hornet zombie hits you but does no damage.
You hit the hornet zombie but do no damage.
The hornet zombie is lightly damaged.
The hornet zombie barely misses you.
You barely miss the hornet zombie.
The hornet zombie is lightly damaged.
The hornet zombie hits you!
You die...

####### #.....##
#...).Z###
#..8....># #.
#......#(###....
#....Z.#.....#
##.#####Z###.# #
#@# #.# #.. #.#.
..#.. ..# #. ...
.. #... ..


You could see a hornet zombie.

Vanquished Creatures
  Duvessa (D:5)
  A black bear (D:5)
  An ogre (D:4)
  A necrophage (D:7)
  2 kobold brigands (Sewer)
  Blork the orc (D:5)
  Dowan (D:5)
  2 wights (D:7)
  Crazy Yiuf (D:2)
  A centaur zombie (D:4)
  An orc priest (D:5)
  A scorpion zombie (D:5)
  An orc wizard (D:5)
  A mummy (D:7)
  Robin (D:2)
  A gnoll (D:2)
  10 adders
  2 river rats (D:5)
  An ufetubus (D:5)
  An adder skeleton (D:4)
  3 worms (D:5)
  4 dart slugs
  4 orcs
  9 ball pythons
  5 endoplasms
  4 giant cockroaches
  10 goblins
  10 hobgoblins
  10 jackals
  5 quokkas
  4 bats
  4 frilled lizards
  11 kobolds
  8 rats
123 creatures vanquished.

Vanquished Creatures (others)
  8 plants
8 creatures vanquished.

Grand Total: 131 creatures vanquished

Notes
Turn   | Place    | Note
-------+----------+-------------------------------------------
     0 | D:1      | Legadrian the Gargoyle Fighter began the quest for the Orb.
     0 | D:1      | Reached XP level 1. HP: 14/14 MP: 1/1
   459 | D:1      | Reached XP level 2. HP: 19/19 MP: 2/2
   554 | D:1      | Found a faded altar of an unknown god.
   567 | D:1      | Found Jotadat's Assorted Antiques.
   729 | D:1      | Reached skill level 3 in Maces & Flails
  1072 | D:2      | Reached XP level 3. HP: 15/23 MP: 3/3
  1271 | D:2      | Found a runed translucent door.
  1287 | D:2      | Noticed Crazy Yiuf
  1375 | D:2      | Noticed Robin
  2068 | D:2      | Killed Robin
  2069 | D:2      | Reached skill level 4 in Maces & Flails
  2069 | D:2      | Reached XP level 4. HP: 25/28 MP: 4/4
  2629 | D:2      | Killed Crazy Yiuf
  2630 | D:2      | Reached skill level 5 in Maces & Flails
  2751 | D:3      | Reached XP level 5. HP: 32/32 MP: 5/5
  2939 | D:3      | Found a sacrificial altar of Ru.
  2942 | D:3      | Found a burning altar of Makhleb.
  3718 | D:4      | Noticed an ogre
  3745 | D:4      | Killed an ogre
  3746 | D:4      | Reached skill level 6 in Maces & Flails
  3746 | D:4      | Reached XP level 6. HP: 24/37 MP: 6/6
  3879 | D:4      | Found a stormy altar of Qazlal.
  4192 | D:4      | Found a broken altar of Ashenzari.
  4654 | D:5      | Entered Level 5 of the Dungeon
  4743 | D:5      | Noticed Blork the orc
  4758 | D:5      | Killed Blork the orc
  4797 | D:5      | Reached skill level 7 in Maces & Flails
  4951 | D:5      | Found a glowing drain.
  4976 | Sewer    | Entered a sewer
  5149 | Sewer    | Reached XP level 7. HP: 34/41 MP: 7/7
  5562 | D:5      | Reached skill level 8 in Maces & Flails
  5670 | D:5      | Noticed Duvessa
  5683 | D:5      | Noticed Dowan
  5694 | D:5      | Killed Duvessa
  5713 | D:5      | Reached skill level 9 in Maces & Flails
  5713 | D:5      | Reached XP level 8. HP: 27/46 MP: 8/8
  5728 | D:5      | Killed Dowan
  5965 | D:5      | You fall into a shaft and drop 2 floors!
  6003 | D:7      | Slain by a hornet zombie

Illustrated notes

Levels and vault maps discovered:
D:1:      nzn_arrival_depleted_hourglass, layout_basic, serial_shops, shop,
          ebering_ecumenical_altar_mist, serial_bayou_pond_e
D:2:      layout_basic, cheibrodos_gnoll_hut, uniq_robin,
          uniq_crazy_yiuf_cottage
D:3:      layout_loops_ring, nicolae_overflow_hidden_temple,
          grunt_decor_junction, serial_bayou_ford_a, serial_bayou_pond_a
D:4:      layout_basic, lemuel_round_altar, nicolae_ashenzari_skybound,
          kennysheep_generic_room_14
D:5:      layout_loops_ring, elyvilon_altar_1, lightli_sewer_entry_pipes,
          minmay_circle_x, uniq_duvessa, uniq_grinder, uniq_blork_the_orc
D:7:      layout_loops_ring, mainiacjoe_overflow_catwalk_spiral, zin_purify,
          serial_undead, serial_undead_a, serial_undead_b, serial_undead_b,
          serial_undead_d, serial_undead_d, serial_undead_d, serial_undead_d,
          uniq_harold

Skill      XL: |  1  2  3  4  5  6  7 |
---------------+----------------------+-----
Maces & Flails | 3 4 5 6 7 9 |  9.8
Fighting       | |  3.2
Armour         | |  3.2
Shields        | |  3.2

Action                   |  1- 3 |  4- 6 |  7- 9 || total
-------------------------+-------+-------+-------++-------
Melee: Flail             |   136 |   254 |   161 ||   551
  Use: Potion            |       |     1 |     1 ||     2
       Scroll            |       |     7 |     4 ||    11
Armor: Chain mail        |   105 |   157 |   103 ||   365
Dodge: Dodged            |    71 |    95 |    46 ||   212
Block: Buckler           |    30 |    57 |    20 ||   107
